 Dungeon Crawl Stone Soup version 0.21.1-1-g345015fe64 (webtiles) character file.

119 HessuHobo the Skirmisher (level 4, 0/36 HPs)
             Began as a Demonspawn Abyssal Knight on May 23, 2018.
             Was a Follower of Lugonu.
             Slain by an orc priest
             ... wielding a +0 war axe
              (7 damage)
             ... on level 3 of the Dungeon.
             The game lasted 00:03:37 (2791 turns).

HessuHobo the Skirmisher (DsAK)                     Turns: 2791, Time: 00:03:37

Health: 0/36       AC:  9    Str: 14    XL:     4   Next: 74%
Magic:  5/5        EV:  6    Int: 13    God:    Lugonu [*.....]
Gold:   56         SH:  0    Dex: 12    Spells: 3/3 levels left

rFire    . . .     SeeInvis .   a - +1 hand axe
rCold    . . .     Gourm    .   (no shield)
rNeg     . . .     Faith    .   h - +0 chain mail
rPois    .         Spirit   .   (helmet restricted)
rElec    .         Reflect  .   (no cloak)
rCorr    .         Harm     .   (no gloves)
MR       .....                  (no boots)
Stlth    ..........             (no amulet)
HPRegen  0.12/turn              i - ring of flight
MPRegen  0.09/turn              (no ring)

@: no status effects
A: antennae 1
a: Depart the Abyss, Renounce Religion, Evoke Flight


You were on level 3 of the Dungeon.
You worshipped Lugonu.
Lugonu was aware of your devotion.
You were near starving.

You visited 1 branch of the dungeon, and saw 3 of its levels.
You visited the Abyss 1 time.

You collected 56 gold pieces.

Inventory:

Hand Weapons
 a - a +1 hand axe (weapon)
Armour
 b - a +0 leather armour
 h - a +0 chain mail (worn)
Jewellery
 i - a ring of flight (left hand)
Scrolls
 d - 2 scrolls of remove curse {unknown}
 l - 2 scrolls of identify
 m - a scroll of fog {unknown}
 n - a scroll of magic mapping {unknown}
Potions
 e - a potion of mutation {unknown}
 f - a potion of agility {unknown}
 g - a potion of degeneration {unknown}
 j - a potion of curing {unknown}
 k - a potion of resistance {unknown}
Comestibles
 c - 5 rations


   Skills:
 + Level 3.6 Fighting
 * Level 3.4 Axes
 * Level 2.7 Armour
 - Level 0.8 Dodging
 + Level 2.5 Invocations


You had 3 spell levels left.
You didn't know any spells.

Dungeon Overview and Level Annotations

Branches:
Dungeon (3/15)

Altars:
Okawaru
Qazlal
The Shining One

Annotations:
D:3 Thargor's ghost, amateur FoFi


Innate Abilities, Weirdness & Mutations

You have a pair of small antennae on your head.


Message History

The orc priest is heavily wounded.
You closely miss the orc. The orc priest hits you with a war axe.
* * * LOW HITPOINT WARNING * * *
The orc hits you but does no damage.
You hit the orc priest.
The orc priest is severely wounded.
You hit the orc.
The orc priest hits you but does no damage.
The orc hits you but does no damage.
You barely miss the orc priest.
The orc priest is severely wounded.
You closely miss the orc. The orc hits you with a short sword.
* * * LOW HITPOINT WARNING * * *
The orc priest hits you with a war axe.
* * * LOW HITPOINT WARNING * * *
Your chain mail prevents you from hitting the orc priest.
The orc priest is severely wounded.
Your chain mail prevents you from hitting the orc.
The orc barely misses you. The orc priest hits you with a war axe!
You die...

#.... #... $...
#.. #.. #w# #o#
#@# #o#
.......r...#
...............
...........####
...........#
...........#
#P#........#
._##.......#


You could see an orc priest, a dart slug, an orc and a quokka.

Vanquished Creatures
  A howler monkey (D:2)
  2 adders
  4 oozes (D:1)
  A worm (D:2)
  A dart slug (D:1)
  2 orcs (D:3)
  4 bats
  A giant cockroach (D:1)
  5 goblins
  6 hobgoblins
  2 jackals (D:3)
  2 ball pythons
  7 frilled lizards
  A kobold (D:1)
  5 rats
44 creatures vanquished.

Notes
Turn   | Place    | Note
-------+----------+-------------------------------------------
     0 | Abyss:1  | HessuHobo the Demonspawn Abyssal Knight began the quest for the Orb.
     0 | Abyss:1  | Reached XP level 1. HP: 18/18 MP: 2/2
    16 | Abyss:1  | Found a corrupted altar of Lugonu.
    58 | Abyss:1  | Noticed a thrashing horror
    61 | D:1      | Escaped the Abyss
   110 | D:1      | Gained mutation: You have a pair of small antennae on your head. [demonic ancestry]
   110 | D:1      | Reached XP level 2. HP: 18/24 MP: 3/3
   733 | D:1      | Reached XP level 3. HP: 24/29 MP: 4/4
  1600 | D:2      | Reached * piety under Lugonu
  1827 | D:2      | Found a faded altar of an unknown god.
  1870 | D:2      | Reached XP level 4. HP: 16/36 MP: 5/5
  2332 | D:2      | Found a stormy altar of Qazlal.
  2332 | D:2      | Found an iron altar of Okawaru.
  2602 | D:3      | Noticed Thargor's ghost (amateur FoFi)
  2779 | D:3      | Found a glowing golden altar of the Shining One.
  2791 | D:3      | Slain by an orc priest

Skill      XL: |  1  2  3 |
---------------+----------+-----
Axes           | 2 3 |  3.4
Armour         | 2 |  2.7
Fighting       | |  3.6
Dodging        | |  0.8
Invocations    | |  2.5

Action                   |  1- 3 |  4- 6 || total
-------------------------+-------+-------++-------
Melee: Hand axe          |   100 |    64 ||   164
Invok: Depart the Abyss  |     1 |       ||     1
  Use: Scroll            |     2 |       ||     2
 Stab: Sleeping          |     1 |       ||     1
  Eat: Ration            |     1 |       ||     1
       Chunk             |       |     1 ||     1
Armor: Leather armour    |     4 |       ||     4
       Chain mail        |    36 |    42 ||    78
Dodge: Dodged            |    42 |    24 ||    66
